 Dungeon Crawl Stone Soup version 0.30.0-10-gfe55d96785 (webtiles) character file.

Game seed: 10280837443771746652

527 Mune the Magician (level 7, -7/41 HPs)
             Began as a Gargoyle Fire Elementalist on May 14, 2023.
             Mangled by an iguana (12 damage)
             ... on level 4 of the Dungeon.
             The game lasted 00:11:42 (4815 turns).

Mune the Magician (Gargoyle Fire Elementalist)      Turns: 4815, Time: 00:11:43

Health: -7/41      AC:  8    Str: 11    XL:     7   Next: 23%
Magic:  9/14       EV: 12    Int: 18    God:
Gold:   257        SH:  0    Dex: 10    Spells: 5/15 levels left

rFire   + . .        h - +0 morningstar
rCold   . . .        (no shield)
rNeg    + . .        a - +0 robe
rPois   ∞            o - +0 helmet
rElec   +            (no cloak)
rCorr   .            u - +0 pair of gloves
SInv    .            (no boots)
Will    .....        (no amulet)
Stlth   ++           e - ring of protection from fire
HPRegen 0.26/turn    (no ring)
MPRegen 0.14/turn

%: no passive effects
@: no status effects
A: sickness immunity, AC +4, negative energy resistance 1, electricity
resistance, torment resistance 1, petrification resistance
a: no special abilities


You were on level 4 of the Dungeon.
You visited 1 branch of the dungeon, and saw 4 of its levels.

You collected 257 gold pieces.

Inventory:

Hand Weapons
 d - a +0 dagger
 h - a +0 morningstar (weapon)
Armour
 a - a +0 robe (worn)
 l - a +0 pair of gloves
 o - a +0 helmet (worn)
 u - a +0 pair of gloves (worn)
Magical Staves
 f - a staff of cold
Jewellery
 e - a ring of protection from fire (left hand)
Scrolls
 g - a scroll of fear {unknown}
 i - a scroll of amnesia {unknown}
 j - a scroll of poison {unknown}
 m - a scroll of blinking {unknown}
 p - a scroll of torment {unknown}
 q - a scroll of magic mapping {unknown}
 s - a scroll of identify {unknown}
 t - a scroll of noise {unknown}
Potions
 b - a potion of magic
 c - a potion of attraction {unknown}
 k - 2 potions of flight {unknown}
 n - a potion of haste
 r - 3 potions of curing {unknown}


   Skills:
 * Level 3.0 Fighting
 + Level 0.5 Maces & Flails
 + Level 2.2 Dodging
 - Level 2.1 Stealth
 * Level 4.7 Spellcasting
 + Level 3.2 Conjurations
 + Level 4.2 Fire Magic


You had 5 spell levels left.
You knew the following spells:

 Your Spells              Type           Power      Damage    Failure   Level
a - Foxfire               Conj/Fire      68%        2x1d7     3%          1
b - Flame Wave            Conj/Fire      17%        2d7       28%         4
c - Scorch                Fire           38%        2d6       3%          2
d - Volatile Blastmotes   Fire/Tloc      22%        2d11      17%         3

Your spell library contained the following spells:

 Spells                   Type           Power      Damage    Failure   Level
 Inner Flame              Hex/Fire       11%        N/A       17%         3


Dungeon Overview and Level Annotations

Branches:
Dungeon (4/15)
 Temple: D:4-7

Altars:
Zin

Shops:
D:2 !(!   D:4 *(*


Innate Abilities, Weirdness & Mutations

You are immune to sickness and miasma.
Your stone body is resilient. (AC +4)
You are immune to poison.
You resist negative energy. (rN+)
You are resistant to electric shocks. (rElec)
You are resistant to unholy torment.
You are immune to petrification.


Message History

You conjure some foxfire!
The iguana bites you!
You closely miss the iguana.
The iguana is moderately wounded.
The foxfire hits the iguana but does no damage.
The iguana is moderately wounded.
The iguana closely misses you.
You are too injured to fight recklessly!
You barely miss the iguana.
The iguana is moderately wounded.
The iguana barely misses you. x2
You are too injured to fight recklessly!
Casting: Foxfire (safe; 3% risk of failure)
Confirm with . or Enter, or press ? or * to list all spells.
You conjure some foxfire!
The iguana barely misses you.
You hit the iguana.
The iguana is heavily wounded.
The foxfire hits the iguana but does no damage.
The iguana is heavily wounded.
The iguana barely misses you.
Casting: Foxfire (safe; 3% risk of failure)
Confirm with . or Enter, or press ? or * to list all spells.
You conjure some foxfire!
The iguana barely misses you.
You hit the iguana.
The iguana is severely wounded.
The foxfire hits the iguana.
The iguana is severely wounded.
The iguana bites you.
The iguana hisses menacingly.
The iguana bites you!
* * * LOW HITPOINT WARNING * * *
Casting: Foxfire (safe; 3% risk of failure)
Confirm with . or Enter, or press ? or * to list all spells.
You conjure some foxfire!
The iguana bites you but does no damage.
You closely miss the iguana.
The iguana is severely wounded.
The foxfire hits the iguana.
The iguana is almost dead.
The iguana bites you!
You die...

### #####.# #
..####.....#####..
..##...##..#......
#.#.....#.........
...............#h.
#....∩....###..#
#.........#....# #
#>#)...†#.#.#######.#
..##...##......#@l).#
..###.#.##...#.#.##..#
......#.##...#.#.# ..#
..#####.##...#...# '#
..# ..........# .#
#.#####.....###.## .#
........##..# #.# .
..####..##..# #.#
..####.. #.#


You could see an iguana.

Vanquished Creatures
  Grinder (D:3)
  A black bear (D:4)
  A phantom (D:4)
  An orc priest (D:4)
  An orc wizard (D:4)
  Terence (D:3)
  An adder (D:2)
  2 worms (D:2)
  4 orcs
  9 ball pythons
  3 bats
  5 endoplasms
  4 giant cockroaches
  6 goblins
  9 hobgoblins
  12 jackals
  7 kobolds
  A quokka (D:2)
  3 frilled lizards (D:2)
  6 rats
78 creatures vanquished.

Vanquished Creatures (others)
  437 foxfires
437 creatures vanquished.

Grand Total: 515 creatures vanquished

Notes
Turn   | Place    | Note
-------+----------+-------------------------------------------
     0 | D:1      | Mune the Gargoyle Fire Elementalist began the quest for the
                  | Orb.
     0 | D:1      | Reached XP level 1. HP: 10/10 MP: 3/3
   340 | D:1      | Reached XP level 2. HP: 15/15 MP: 1/5
  1326 | D:1      | Reached XP level 3. HP: 10/19 MP: 0/6
  1948 | D:2      | Reached skill level 1 in Fighting
  2028 | D:2      | Found Sousm's Antique Weapon Boutique.
  2107 | D:2      | Found Amud's Distillery.
  2192 | D:2      | Found a faded altar of an unknown god.
  2621 | D:2      | Reached XP level 4. HP: 25/25 MP: 4/8
  2696 | D:2      | Found Umufrudy's Distillery.
  3228 | D:3      | Noticed Grinder
  3229 | D:3      | Paralysed by Grinder for 3 turns
  3378 | D:3      | Killed Grinder
  3379 | D:3      | Reached XP level 5. HP: 29/30 MP: 1/11
  3379 | D:3      | Reached XP level 6. HP: 33/35 MP: 1/12
  3467 | D:3      | Noticed Terence
  3477 | D:3      | Killed Terence
  4242 | D:4      | Found Ufrufror's General Store.
  4376 | D:4      | Found Zin's Purification Station.
  4377 | D:4      | Found a glowing silver altar of Zin.
  4402 | D:4      | Noticed a black bear
  4416 | D:4      | Killed a black bear
  4417 | D:4      | Reached XP level 7. HP: 40/40 MP: 6/13
  4422 | D:4      | Learned a level 4 spell: Flame Wave
  4425 | D:4      | Learned a level 2 spell: Scorch
  4429 | D:4      | Learned a level 3 spell: Volatile Blastmotes
  4691 | D:4      | Found Womadom's Weapon Shop.
  4815 | D:4      | Mangled by an iguana

Illustrated notes

Levels and vault maps discovered:
D:1:      heliophobic_arrival_enchanted_forest, layout_loops_corners
D:2:      layout_rooms, dreamdust_ecumenical_altar_angels_and_demons,
          serial_shops, shop, nicolae_shop_back_alley_shop, shop, serial_curves,
          eino_curves_03, eino_curves_04, minmay_pentomino_pile
D:3:      layout_rooms, nicolae_titane, uniq_terence, uniq_grinder
D:4:      minmay_polygon_palace, layout_loops_ring, zin_purify,
          nicolae_overflow_quartered_altars, serial_shops, shop,
          nicolae_shop_hallway_plus, nicolae_shop_bloodbath_and_beyond,
          uniq_pikel

Skill      XL: |  1  2  3  4  5  6  7 |
---------------+----------------------+-----
Fighting       | 1 2 3 |  3.0
Spellcasting   | 4 |  4.7
Dodging        | 2 |  2.2
Conjurations   | 2 3 |  3.2
Fire Magic     | 4 |  4.2
Maces & Flails | |  0.5
Stealth        | |  2.1

Action                     |  1- 3 |  4- 6 |  7- 9 || total
---------------------------+-------+-------+-------++-------
  Melee: Morningstar       |    18 |     9 |    26 ||    53
         Dagger            |     2 |       |       ||     2
   Cast: Foxfire           |   129 |   118 |    38 ||   285
 Armour: Robe              |     9 |    26 |    14 ||    49
  Dodge: Dodged            |    31 |    40 |    31 ||   102
